 Dungeon Crawl Stone Soup version 0.29.0-13-gc9e81de378 (webtiles) character file.

Game seed: 14033117359643475335

28 Anothat the Slasher (level 3, 0/28 HPs)
             Began as a Formicid Gladiator on Sept 9, 2022.
             Slain by an orc
             ... wielding a +0 flail
              (9 damage)
             ... on level 3 of the Dungeon.
             The game lasted 00:01:16 (1265 turns).

Anothat the Slasher (Formicid Gladiator)            Turns: 1265, Time: 00:01:17

Health: 0/28       AC:  3    Str: 18    XL:     3   Next: 30%
Magic:  3/3        EV: 14    Int:  7    God:
Gold:   20         SH:  0    Dex: 24    Spells: 2/2 levels left

rFire   . . .      SeeInvis +   a - +0 long sword
rCold   . . .      Faith    .   (no shield)
rNeg    . . .      Spirit   .   n - +1 robe of the Trout {Dex+7}
rPois   .          Reflect  .   (helmet unavailable)
rElec   .          Harm     .   (no cloak)
rCorr   .          Rampage  .   (no gloves)
Will    .....                   (no boots)
Stlth   ++........              (no amulet)
HPRegen 0.09/turn               (no ring)
MPRegen 0.08/turn               (no ring)

@: no status effects
A: permanent stasis, dig shafts and tunnels, antennae 3, four strong arms
a: Dig, Shaft Self


You were on level 3 of the Dungeon.
You visited 1 branch of the dungeon, and saw 3 of its levels.

You collected 156 gold pieces.
You spent 136 gold pieces at shops.

Inventory:

Hand Weapons
 a - a +0 long sword (weapon)
Missiles
 c - 3 throwing nets (quivered)
 d - a javelin
Armour
 b - a +0 leather armour
 n - the +1 robe of the Trout (worn) {Dex+7}
   (You bought it in a shop on level 2 of the Dungeon)

   Dex:       It affects your dexterity (+7).
Scrolls
 f - a scroll of noise {unknown}
 h - a scroll of blinking {unknown}
 l - a scroll of fear {unknown}
 m - a scroll of identify {unknown}
 p - a scroll of vulnerability {unknown}
Potions
 e - a potion of heal wounds {unknown}
 g - 3 potions of curing {unknown}
 i - a potion of mutation {unknown}
 j - a potion of degeneration {unknown}
 k - a potion of invisibility {unknown}
 o - a potion of attraction {unknown}


   Skills:
 + Level 2.8 Fighting
 + Level 3.4 Long Blades
 - Level 2.0 Throwing
 + Level 3.1 Dodging


You had 2 spell levels left.
You didn't know any spells.
Your spell library contained the following spells:

 Spells                   Type           Power      Damage    Failure   Level
 Magic Dart               Conj           0%         1d3       43%         1
 Searing Ray              Conj           0%         2d4       56%         2
 Fulminant Prism          Conj/Hex       0%         3d6       99%         4


Dungeon Overview and Level Annotations

Branches:
Dungeon (3/15)

Altars:

Shops:
D:2 [

Annotations:
D:3 Jessica


Innate Abilities, Weirdness & Mutations

You cannot be hasted, slowed, berserked, paralysed or teleported.
You can dig through walls and to a lower floor.
You have a pair of large antennae on your head. (SInv)
Your four strong arms can wield two-handed weapons with a shield.


Message History

Found a long sword.
The hobgoblin closely misses you.
The orc moves out of view.
You barely miss the hobgoblin. The hobgoblin misses you.
You barely miss the hobgoblin.
An orc comes into view. It is wielding a +0 club.
The hobgoblin barely misses you.
You slash the hobgoblin!
You kill the hobgoblin!
The orc closely misses you.
You see here a +2 buckler of protection.
You closely miss the orc. The orc hits you but does no damage.
The orc shouts!
You hit the orc.
The orc is almost dead.
The orc hits you with a +0 club.
A kobold comes into view. It is wielding a +0 dagger.
The orc misses you.
The kobold shouts!
You hit the orc.
You kill the orc!
You hear a shout!
You slash the orc!
You kill the orc!
Jessica the Apprentice Sorceress comes into view.
She is wielding a +0 club.
The kobold throws a stone.
The stone misses you. The worm bites you!
You slash the worm!
The worm is heavily wounded.
The kobold throws a stone.
The stone closely misses you. The orc closely misses you.
You slash the worm!
The worm is almost dead.
The worm closely misses you. The orc closely misses you.
You hit the worm but do no damage.
The worm is almost dead.
The worm bites you! The orc hits you with a +0 flail.
The orc hits you but does no damage.
You see here a +2 buckler of protection.
The kobold hits you with a +0 dagger. The orc attacks as you move away!
The orc hits you with a +0 flail!
You die...

...........
#..........
.......... ..
##......[.. ...
##..........
.....#.....$..)..
.....#.#.w@......
.......#.oK......
#.#....##@#######
#...$.....#####
###...........#
.!.......####....
###[.#...## ## ###.#
#..##...######......
##..........<.......
######..###........
##.# ####.###.


You could see a worm, Jessica, an orc and a kobold.

Vanquished Creatures
  2 orcs (D:3)
  4 bats
  An endoplasm (D:2)
  A giant cockroach (D:2)
  3 goblins (D:1)
  5 hobgoblins
  A kobold (D:1)
  A quokka (D:1)
  A ball python (D:2)
  2 frilled lizards
  A rat (D:1)
22 creatures vanquished.

Notes
Turn   | Place    | Note
-------+----------+-------------------------------------------
     0 | D:1      | Anothat the Formicid Gladiator began the quest for the Orb.
     0 | D:1      | Reached XP level 1. HP: 16/16 MP: 1/1
   154 | D:1      | Found a faded altar of an unknown god.
   158 | D:1      | Reached XP level 2. HP: 23/23 MP: 2/2
   917 | D:2      | Reached XP level 3. HP: 27/28 MP: 3/3
  1033 | D:2      | Found Toawo's Antique Armour Boutique.
  1038 | D:2      | Bought a smoking robe for 136 gold pieces
  1038 | D:2      | Identified the +1 robe of the Trout {Dex+7} (You bought it
                  | in a shop on level 2 of the Dungeon)
  1258 | D:3      | Noticed Jessica
  1265 | D:3      | Slain by an orc

Illustrated notes

Levels and vault maps discovered:
D:1:      minmay_arrival_open_corners, layout_basic,
          ebering_ecumenical_altar_rust, minmay_misc_feat_tiny,
          roderic_cross_of_infinity, palyth_stone_intersect
D:2:      layout_rooms, serial_shops, nicolae_shop_hallway_plus,
          chequers_serial_rivers_micro_a
D:3:      layout_rooms, uniq_jessica

Skill      XL: |  1  2 |
---------------+-------+-----
Dodging        | 3 |  3.1
Fighting       | |  2.8
Long Blades    | |  3.4
Throwing       | |  2.0

Action                   || total
-------------------------++-------
Melee: Long sword        ||    53
Armor: Leather armour    ||    15
       Robe              ||     3
Dodge: Dodged            ||    47
